 Dungeon Crawl Stone Soup version 0.26-a0-753-g4680b4fa2e (webtiles) character file.

Game seed: 13781681811080834793

18 2tc the Stinger (level 2, -4/15 HPs)
             Began as a Tengu Venom Mage on Nov 7, 2020.
             Slain by a worm (9 damage)
             ... on level 2 of the Dungeon.
             The game lasted 00:03:36 (881 turns).

2tc the Stinger (Tengu Venom Mage)                   Turns: 881, Time: 00:03:39

Health: -4/15      AC:  2    Str:  8    XL:     2   Next: 66%
Magic:  3/6        EV: 12    Int: 15    God:
Gold:   39         SH:  0    Dex: 14    Spells: 4/5 levels left

rFire    . . .     SeeInvis .   g - +1 spear (venom)
rCold    . . .     Faith    .   (no shield)
rNeg     . . .     Spirit   .   a - +0 robe
rPois    .         Reflect  .   (helmet restricted)
rElec    .         Harm     .   (no cloak)
rCorr    .         Rampage  .   (no gloves)
MR       .....                  (boots unavailable)
Stlth    ++........             (no amulet)
HPRegen  0.05/turn              (no ring)
MPRegen  0.10/turn              (no ring)

@: no status effects
A: beak, talons 3
a: no special abilities


You were on level 2 of the Dungeon.
You visited 1 branch of the dungeon, and saw 2 of its levels.

You collected 39 gold pieces.

Inventory:

Hand Weapons
 c - a +0 club
 d - a +0 short sword
 g - a +1 spear of venom (weapon)
Armour
 a - a +0 robe (worn)
 b - a cursed +0 buckler
Scrolls
 f - a scroll of teleportation {unknown}
Potions
 e - a potion of brilliance {unknown}


   Skills:
 - Level 2.1 Dodging
 - Level 2.0 Stealth
 - Level 2.0 Spellcasting
 - Level 0.7 Transmutations
 * Level 3.9 Poison Magic


You had 4 spell levels left.
You knew the following spells:

 Your Spells              Type           Power        Failure   Level
a - Sting                 Tmut/Pois      #...         9%          1

Your spell library contained the following spells:

 Spells                   Type           Power        Failure   Level
 Poisonous Vapours        Pois/Air       #.....       16%         2
 Ignite Poison            Fire/Tmut/Pois #.......     34%         3
 Mephitic Cloud           Conj/Pois/Air  #.......     36%         3
 Olgreb's Toxic Radiance  Pois           ##......     41%         4


Dungeon Overview and Level Annotations

Branches:
Dungeon (2/15)

Altars:


Innate Abilities, Weirdness & Mutations

You have a beak for a mouth.
You have claws for feet.


Message History

The worm is heavily wounded.
The worm looks more healthy.
You hit the worm.
The worm is poisoned.
Your kick misses the worm.
The worm is severely wounded.
The worm bites you.
You hit the worm.
The worm looks even sicker.
Your peck misses the worm.
The worm is severely wounded.
The adder barely misses you.
You hit the adder but do no damage.
The adder is poisoned.
The adder barely misses you.
Casting: Sting (safe; 9% risk of failure)
Confirm with . or Enter, or press ? or * to list all spells.
Aiming: Sting (safe; 9% risk of failure)
Press: ? - help, Shift-Dir - straight line, f/p - worm
Aim: a worm (severely wounded, very poisoned)
The sting hits the worm.
The worm looks as sick as possible!
The worm is almost dead.
The adder bites you. x2; The worm bites you!
Ouch! That really hurt!
You die...

#### ############
..... #......@...# ...
#......Sw..# ... ..
#..........# ###.#....
#....>.....###........
.....[^......#>#
....#####..#.<.# ....
............... .##
.........#.#.....
.......).....##..


You could see a worm (extremely poisoned) and an adder (very poisoned).

Vanquished Creatures
  2 giant cockroaches (D:1)
  4 goblins (D:1)
  2 hobgoblins (D:1)
  2 kobolds (D:1)
  A bat (D:1)
  2 frilled lizards (D:1)
  4 rats (D:1)
17 creatures vanquished.

Notes
Turn   | Place    | Note
-------+----------+-------------------------------------------
     0 | D:1      | 2tc the Tengu Venom Mage began the quest for the Orb.
     0 | D:1      | Reached XP level 1. HP: 10/10 MP: 4/4
   359 | D:1      | Reached XP level 2. HP: 15/15 MP: 6/6
   881 | D:2      | Slain by a worm

Illustrated notes

Levels and vault maps discovered:
D:1:      evilmike_arrival_rings, layout_basic
D:2:      layout_rooms

Action                   || total
-------------------------++-------
Melee: Unarmed           ||     3
       Club              ||     4
       Spear             ||    15
       Short sword       ||     6
       Kick              ||     4
       Peck              ||     1
 Cast: Sting             ||    19
  Use: Scroll            ||     1
 Stab: Sleeping          ||     1
Armor: Robe              ||     6
Dodge: Dodged            ||    10

Table legend: (Time is in decaauts)
 A = Elapsed time spent in this place.
 B = Non-inter-level travel time spent in this place.
 C = Inter-level travel time spent in this place.
 D = Time resting spent in this place.
 E = Time spent auto-exploring this place.
 F = Levels seen in this place.
 G = Mean time per level.
                   A        B        C        D        E       F      G
               +--------+--------+--------+--------+--------+-----+--------+
         Total |    882 |    824 |     58 |    293 |    351 |   2 |  441.0 |
       Dungeon |    882 |    824 |     58 |    293 |    351 |   2 |  441.0 |
               +--------+--------+--------+--------+--------+-----+--------+

Top non-repeatable levels by time:
     D:1: 863 daAuts
     D:2: 19 daAuts
